 Dungeon Crawl Stone Soup version 0.30-a0-567-gf7fd966b4a (webtiles) character file.

Game seed: 6445096356570328132

6 kae the Insei (level 1, 0/15 HPs)
             Began as a Demonspawn Transmuter on Dec 28, 2022.
             Slain by a gnoll
             ... wielding a +0 club
              (5 damage)
             ... on level 1 of the Dungeon.
             The game lasted 00:00:19 (124 turns).

kae the Insei (Demonspawn Transmuter)                Turns: 124, Time: 00:00:19

Health: 0/15       AC:  2    Str: 10    XL:     1   Next: 75%
Magic:  3/3        EV: 12    Int: 14    God:
Gold:   13         SH:  0    Dex: 13    Spells: 3/4 levels left

rFire   . . .      SeeInvis .    c - +0 mace (heavy)
rCold   . . .      Faith    .    (no shield)
rNeg    . . .      Spirit   .    a - +0 robe
rPois   .          Reflect  .    (no helmet)
rElec   .          Harm     .    (no cloak)
rCorr   .          Rampage  .    (no gloves)
Will    .....                    (no boots)
Stlth   +                        (no amulet)
HPRegen 0.22/turn                (no ring)
MPRegen 0.08/turn                (no ring)

@: no status effects
A: no striking features
a: no special abilities


You were on level 1 of the Dungeon.
You visited 1 branch of the dungeon, and saw 1 of its levels.

You collected 13 gold pieces.


   Skills:
 + Level 1.1 Fighting
 - Level 1.7 Dodging
 + Level 2.7 Unarmed Combat
 + Level 2.1 Spellcasting
 * Level 2.0 Transmutations


You had 3 spell levels left.
You knew the following spells:

 Your Spells              Type           Power      Damage    Failure   Level
a - Beastly Appendage     Tmut           14%        N/A       11%         1

Your spell library contained the following spells:

 Spells                   Type           Power      Damage    Failure   Level
 Wereblood                Tmut           7%         N/A       16%         2
 Spider Form              Tmut/Pois      4%         N/A       43%         3
 Ice Form                 Ice/Tmut       4%         N/A       83%         4

Inventory:

Hand Weapons
 c - a +0 heavy mace (weapon)
   (You found it on level 1 of the Dungeon)
Armour
 a - a +0 robe (worn)
Potions
 b - a potion of lignification {!q}
 d - a potion of mutation {unknown}

Dungeon Overview and Level Annotations

Branches:
Dungeon (1/15) Zot: 5866

Altars:

#.b.. ....
#... # #... #
#..# # #..# #
#..####.# #
#..g@...# ##
##.###### #.
#....########
#.
#...........#
#. #
##..#.######.#
#.
...###...#.#
#.# #.
#.........#
#.# #.
#####...#.#
##.#######.
##.##.#
##..........


You could see a gnoll.


Message History

Confirm with . or Enter, or press ? or * to list all spells.
You grow a pair of large bovine horns.
Your feet morph into talons.
The goblin closely misses you. 😎 MP[-1]
You lost 1 mp, and now have 2/3 mp.
A goblin is nearby!
You hit the goblin. Your kick misses the goblin.
Your headbutt misses the goblin.
Your transformation is almost over.
The goblin barely misses you. The goblin hits you with a +0 club.
You miss the goblin. You headbutt the goblin.
You kill the goblin! 😕 HP[-1]
You take 1 damage, and now have 14/15 hp.
Things that are here:
a +0 club; a goblin corpse Your horns disappear.
Your talons disappear.
Key pressed, stopping explore.
No target in view!
No target in view! 😎 HP[+1] MP[+1]
Your hp is fully restored (15).
Your mp is fully restored (3).
An endoplasm comes into view.
The endoplasm quivers.
An endoplasm is nearby!
Unknown command.
An endoplasm is nearby!
Casting: Beastly Appendage (safe; 11% risk of failure)
Confirm with . or Enter, or press ? or * to list all spells.
You grow a pair of large bovine horns.
Your feet morph into talons.
The endoplasm freezes you.
You are frozen.
The endoplasm hits you but does no damage. 😕 HP[-1] MP[-1]
You take 1 damage, and now have 14/15 hp.
You lost 1 mp, and now have 2/3 mp.
You sock the endoplasm!
You kill the endoplasm!
No target in view! 😎 HP[+1]
Your hp is fully restored (15).
Your transformation is almost over.
Key pressed, stopping explore.
A ball python comes into view. 😎 MP[+1]
Your mp is fully restored (3).
A ball python is nearby!
A ball python is nearby!
Casting: Beastly Appendage (safe; 11% risk of failure)
Confirm with . or Enter, or press ? or * to list all spells.
You extend your transformation's duration. 😎 MP[-1]
You lost 1 mp, and now have 2/3 mp.
A goblin comes into view. It is wielding a +0 club.
The goblin shouts!
You hear a shout!
A gnoll comes into view. It is wielding a +0 club.
You sock the ball python!
You kill the ball python!
Your Transmutations skill increases to level 2!
There are monsters nearby!
Your transformation is almost over.
A bat comes into view.
The goblin hits you with a +0 club. 😮 HP[-4]
You take 4 damage, and now have 11/15 hp.
MASSIVE DAMAGE!! (PAUSE)
The goblin misses you. The goblin attacks as you move away!
The goblin closely misses you. 😕 HP[+1]
Okay, then.
Okay, then.
Okay, then.
As you read the scroll labelled XORESEDINAM, it crumbles to dust.
It is a scroll of identify.
f - a potion of curing The goblin hits you with a +0 club. 😮 HP[-3]
You take 3 damage, and now have 9/15 hp.
You feel better.
The goblin hits you with a +0 club. 😮 HP[+2]
You regained 2 hp, and now have 11/15 hp.
You completely miss the goblin. You claw the goblin.
You kill the goblin!
The gnoll barely misses you. 😮 MP[+1]
Your mp is fully restored (3).
You barely miss the gnoll. You claw the gnoll.
Your horns disappear.
Your talons disappear.
The gnoll barely misses you. The gnoll hits you with a +0 club.
The gnoll closely misses you. 😮 HP[-2]
You take 2 damage, and now have 9/15 hp.
You hit the gnoll. The gnoll barely misses you.
The gnoll hits you with a +0 club.
* * * LOW HITPOINT WARNING * * *
😨 HP[-5]
You take 5 damage, and now have 4/15 hp.
MASSIVE DAMAGE!! (PAUSE)
You completely miss the gnoll. The gnoll hits you with a +0 club.
You die...

Skill      XL: |  1 |
---------------+----+-----
Transmutations | 2 |  2.0
Fighting       | |  1.1
Dodging        | |  1.7
Unarmed Combat | |  2.7
Spellcasting   | |  2.1

Action                   || total
-------------------------++-------
Melee: Mace              ||     8
       Kick              ||     2
       Unarmed           ||     1
       Headbutt          ||     1
 Cast: Beastly Appendage ||     4
  Use: Scroll            ||     1
       Potion            ||     1
Armor: Robe              ||     1
Dodge: Dodged            ||    11

Levels and vault maps discovered:
D:1:      spicycebolla_arrival_clurvy, layout_loops_corners,
          minmay_misc_feat_rows, lexackson_kobold_supper

Notes
Turn   | Place    | Note
-------+----------+-------------------------------------------
     0 | D:1      | kae the Demonspawn Transmuter began the quest for the Orb.
     0 | D:1      | Reached XP level 1. HP: 15/15 MP: 3/3
     0 | D:1      | magus.rc [v1.11.3]
   115 | D:1      | Reached skill level 2 in Transmutations
   124 | D:1      | Slain by a gnoll

Vanquished Creatures
  A ball python (D:1)
  An endoplasm (D:1)
  2 goblins (D:1)
  A bat (D:1)
5 creatures vanquished.

Table legend:
 A = Non-vault XP
 B = Vault XP
 C = Vault XP percentage of total XP
 D = Non-vault monster count
 E = Vault monster count
 F = Vault count percentage of total count
                 A         B        C        D         E       F
            +---------+---------+-------+---------+---------+-------
      Total |       9 |       0 |   0.0 |       5 |       0 |   0.0
            +---------+---------+-------+---------+---------+-------
        D:1 |       9 |       0 |   0.0 |       5 |       0 |   0.0
            +---------+---------+-------+---------+---------+-------

Illustrated notes

Table legend:
 A = Kills in this place as a percentage of kills in entire the game.
 B = Kills by you in this place as a percentage of kills by you in the entire game.
 C = Kills by friends in this place as a percentage of kills by friends in the entire game.
 D = Other kills in this place as a percentage of other kills in the entire game.
 E = Experience gained in this place as a percentage of experience gained in the entire game.
 F = Experience gained in this place divided by the number of levels of this place that you have seen.
                   A       B       C       D       E      F
               +-------+-------+-------+-------+-------+----------------------
         Total | 100.0 | 100.0 |   N/A |   N/A | 100.0 |   9.0
       Dungeon | 100.0 | 100.0 |   N/A |   N/A | 100.0 |   9.0
               +-------+-------+-------+-------+-------+----------------------

Table legend: (Time is in decaauts)
 A = Elapsed time spent in this place.
 B = Non-inter-level travel time spent in this place.
 C = Inter-level travel time spent in this place.
 D = Time resting spent in this place.
 E = Time spent auto-exploring this place.
 F = Levels seen in this place.
 G = Mean time per level.
                   A        B        C        D        E       F      G
               +--------+--------+--------+--------+--------+-----+--------+
         Total |    131 |    131 |      0 |      0 |     85 |   1 |  131.0 |
       Dungeon |    131 |    131 |      0 |      0 |     85 |   1 |  131.0 |
               +--------+--------+--------+--------+--------+-----+--------+

Top non-repeatable levels by time:
     D:1: 131 daAuts
